| TOP OF THE 1ST |
|
Colorado (EL) Rockies batting - Pitching for Reading Fightin Phils : LHP Tim Lawson
|
|
Pitching: LHP Tim Lawson
|
|
|
Batting: LHB Nick Martin
|
0-0: Ball 1-0: Ball 2-0: Called Strike 2-1: Foul Ball, location: 2F 2-2: Ground out 6-3 (Groundball, 6, EV 103.8 MPH)
|
|
Batting: SHB Jamie Mims
|
0-0: Ground out 6-3 (Groundball, 6, EV 86.2 MPH)
|
|
Batting: LHB Mick Tucker
|
0-0: Ball 1-0: Fly out, F8 (Flyball, 8LS, EV 86.9 MPH)
|
| Top of the 1st over - 0 runs, 0 hits, 0 errors, 0 left on base; Colorado (EL) 0 - Reading 0 |
| BOTTOM OF THE 1ST |
|
Reading Fightin Phils batting - Pitching for Colorado (EL) Rockies : RHP Dave Shanks
|
|
Pitching: RHP Dave Shanks
|
|
|
Batting: RHB Alberto Ramirez
|
0-0: Ball 1-0: Called Strike 1-1: Ball 2-1: Ball 3-1: Foul Ball, location: 2F 3-2: Ground out 5-3 (Groundball, 56, EV 80.0 MPH)
|
|
Batting: RHB Chris Myers
|
0-0: Called Strike 0-1: Foul Ball, location: 2F 0-2: Ball 1-2: Ball 2-2: Ground out 5-3 (Groundball, 56, EV 101.9 MPH)
|
|
Batting: RHB Guan-pei Gao
|
0-0: Ball 1-0: Called Strike 1-1: Foul Ball, location: 2F 1-2: Foul Ball, location: 2F 1-2: Foul Ball, location: 2F 1-2: Ball 2-2: Foul Ball, location: 2F 2-2: Ball 3-2: Reached on error, E1 (Groundball, 15, EV 69.4 MPH)
|
|
Batting: RHB Greg Herzig
|
0-0: Ball 1-0: Called Strike 1-1: Ball 2-1: Foul Ball, location: 2F 2-2: Ball 3-2: Strikes out swinging
|
| Bottom of the 1st over - 0 runs, 0 hits, 1 error, 1 left on base; Colorado (EL) 0 - Reading 0 |
| TOP OF THE 2ND |
|
Colorado (EL) Rockies batting - Pitching for Reading Fightin Phils : LHP Tim Lawson
|
|
Batting: RHB John Corfield
|
0-0: Swinging Strike 0-1: Ball 1-1: Ground out 4-3 (Groundball, 4, EV 86.2 MPH)
|
|
Batting: RHB Chris Tatum
|
0-0: Swinging Strike 0-1: Ball 1-1: Ball 2-1: Called Strike 2-2: SINGLE (Line Drive, 89S, EV 91.9 MPH)
|
|
Batting: SHB Bobby Santor
|
0-0: Ground out 4-3 (Groundball, 34, EV 82.5 MPH) Chris Tatum to second
|
|
Batting: SHB Craig Ruzic
|
0-0: Called Strike 0-1: SINGLE (Groundball, 6D, EV 95.0 MPH) Chris Tatum to third Runner from 3rd tries for Home, SAFE, throw by CF to home
|
|
Batting: LHB Paul McClintock
|
0-0: Fly out, F5 (Line Drive, 5L, EV 73.1 MPH)
|
| Top of the 2nd over - 1 run, 2 hits, 0 errors, 1 left on base; Colorado (EL) 1 - Reading 0 |
| BOTTOM OF THE 2ND |
|
Reading Fightin Phils batting - Pitching for Colorado (EL) Rockies : RHP Dave Shanks
|
|
Batting: RHB Victor Arroyo
|
0-0: Called Strike 0-1: Foul Ball, location: 2F 0-2: Ball 1-2: DOUBLE (Line Drive, 78D, EV 106.9 MPH)
|
|
Batting: RHB Mike Bell
|
0-0: Ball 1-0: Ball 2-0: DOUBLE (Flyball, 8LXD, EV 105.0 MPH) Victor Arroyo scores
|
|
Batting: RHB Daniel Samano
|
0-0: Foul Ball, location: 2F 0-1: Ball 1-1: 2-RUN HOME RUN (Flyball, 78XD, EV 105.6 MPH), Distance : 413 ft
|
|
Batting: RHB Victor Arias
|
0-0: Called Strike 0-1: Ball 1-1: Ball 2-1: Foul Ball, location: 2F 2-2: Ball 3-2: Strikes out looking
|
|
Batting: RHB Jake Cox
|
0-0: Ball 1-0: Called Strike 1-1: Ball 2-1: Foul Ball, location: 2F 2-2: Foul Ball, location: 2F 2-2: SINGLE (Groundball, 56D, EV 105.6 MPH)
|
|
Batting: RHB Alberto Ramirez
|
0-0: Ball Jake Cox steals 2nd base 1-0: Ball 2-0: Ball 3-0: Called Strike 3-1: Swinging Strike 3-2: Foul Ball, location: 2F 3-2: Foul Ball, location: 2F 3-2: SINGLE (Groundball, 13, EV 90.6 MPH) (infield hit) Jake Cox to third
|
|
Batting: RHB Chris Myers
|
0-0: Called Strike Alberto Ramirez steals 2nd base 0-1: SINGLE (Line Drive, 8RS, EV 93.1 MPH) Jake Cox scores Alberto Ramirez to third
|
|
Batting: RHB Guan-pei Gao
|
0-0: Swinging Strike 0-1: Ball 1-1: Ball Chris Myers is caught stealing 2nd base 2-4 2-1: Fly out, F8 (Line Drive, 8RD, EV 91.9 MPH)
|
| Bottom of the 2nd over - 4 runs, 6 hits, 0 errors, 1 left on base; Colorado (EL) 1 - Reading 4 |
| TOP OF THE 3RD |
|
Colorado (EL) Rockies batting - Pitching for Reading Fightin Phils : LHP Tim Lawson
|
|
Batting: LHB Daniel Green
|
0-0: Ground out U3 (Groundball, 34S, EV 93.1 MPH)
|
|
Batting: LHB Nick Martin
|
0-0: Ball 1-0: Ball 2-0: Called Strike 2-1: Ground out 6-3 (Groundball, 6, EV 88.1 MPH)
|
|
Batting: SHB Jamie Mims
|
0-0: Foul Ball, location: 2F 0-1: Bunted foul 0-2: SINGLE (Groundball, 6D, EV 101.9 MPH)
|
|
Batting: LHB Mick Tucker
|
0-0: Ball 1-0: Called Strike 1-1: Fly out, F8 (Flyball, 8RS, EV 85.6 MPH)
|
| Top of the 3rd over - 0 runs, 1 hit, 0 errors, 1 left on base; Colorado (EL) 1 - Reading 4 |
| BOTTOM OF THE 3RD |
|
Reading Fightin Phils batting - Pitching for Colorado (EL) Rockies : RHP Dave Shanks
|
|
Batting: RHB Greg Herzig
|
0-0: Ball 1-0: Called Strike 1-1: Ground out U3 (Groundball, 34, EV 101.2 MPH)
|
|
Batting: RHB Victor Arroyo
|
0-0: Foul Ball, location: 2F 0-1: Ground out 4-3 (Groundball, 4, EV 90.6 MPH)
|
|
Batting: RHB Mike Bell
|
0-0: Ball 1-0: Ball 2-0: SINGLE (Line Drive, 56D, EV 102.5 MPH)
|
|
Batting: RHB Daniel Samano
|
0-0: Ball Mike Bell steals 2nd base 1-0: Called Strike 1-1: Ball 2-1: Called Strike 2-2: Foul Ball, location: 2F 2-2: Ball 3-2: Foul Ball, location: 2F 3-2: SINGLE (Groundball, 56D, EV 96.2 MPH) Mike Bell to third Runner from 3rd tries for Home, SAFE, throw by LF to home
|
|
Pitching: RHP Michael Conrad
|
|
|
Batting: RHB Victor Arias
|
Pickoff Throw to First - Error! E1 Daniel Samano to second 0-0: Ball 1-0: Ball 2-0: Called Strike 2-1: Called Strike 2-2: Foul Ball, location: 2F 2-2: Ball 3-2: Ground out 6-3 (Groundball, 6MD, EV 85.0 MPH)
|
| Bottom of the 3rd over - 1 run, 2 hits, 1 error, 1 left on base; Colorado (EL) 1 - Reading 5 |
| TOP OF THE 4TH |
|
Colorado (EL) Rockies batting - Pitching for Reading Fightin Phils : LHP Tim Lawson
|
|
Batting: RHB John Corfield
|
0-0: Fly out, F9 (Flyball, 89M, EV 90.6 MPH)
|
|
Batting: RHB Chris Tatum
|
0-0: Called Strike 0-1: Ground out 6-3 (Groundball, 6S, EV 81.2 MPH)
|
|
Batting: SHB Bobby Santor
|
0-0: Foul Ball, location: 2F 0-1: Foul Ball, location: 2F 0-2: Ground out 4-3 (Groundball, 4, EV 87.5 MPH)
|
| Top of the 4th over - 0 runs, 0 hits, 0 errors, 0 left on base; Colorado (EL) 1 - Reading 5 |
| BOTTOM OF THE 4TH |
|
Reading Fightin Phils batting - Pitching for Colorado (EL) Rockies : RHP Michael Conrad
|
|
Batting: RHB Jake Cox
|
0-0: Ball 1-0: Foul Ball, location: 2F 1-1: Ball 2-1: Foul Ball, location: 2F 2-2: Strikes out swinging
|
|
Batting: RHB Alberto Ramirez
|
0-0: Ball 1-0: Ball 2-0: Foul Ball, location: 2F 2-1: SINGLE (Groundball, 56D, EV 105.6 MPH)
|
|
Batting: RHB Chris Myers
|
0-0: Ball Alberto Ramirez is caught stealing 2nd base 2-4 1-0: Swinging Strike 1-1: Called Strike 1-2: Foul Ball, location: 2F 1-2: SINGLE (Groundball, 56S, EV 63.1 MPH) (infield hit)
|
|
Batting: RHB Guan-pei Gao
|
0-0: Ball 1-0: Ball Chris Myers steals 2nd base 2-0: Foul Ball, location: 2F 2-1: Swinging Strike 2-2: Ball 3-2: Base on Balls
|
|
Batting: RHB Greg Herzig
|
0-0: Ball 1-0: Foul Ball, location: 2F 1-1: Ball 2-1: Ball 3-1: Ground out 5-3 (Groundball, 56S, EV 80.0 MPH)
|
| Bottom of the 4th over - 0 runs, 2 hits, 0 errors, 2 left on base; Colorado (EL) 1 - Reading 5 |
| TOP OF THE 5TH |
|
Colorado (EL) Rockies batting - Pitching for Reading Fightin Phils : LHP Tim Lawson
|
|
Batting: SHB Craig Ruzic
|
0-0: Called Strike 0-1: Ground out 5-3 (Groundball, 5, EV 83.8 MPH)
|
|
Batting: LHB Paul McClintock
|
0-0: Called Strike 0-1: SINGLE (Line Drive, 8LS, EV 109.4 MPH)
|
|
Batting: LHB Daniel Green
|
0-0: Called Strike 0-1: Fielders Choice at 2nd, U6 (Groundball, P, EV 84.4 MPH)
|
|
Batting: LHB Nick Martin
|
0-0: Ball Daniel Green is caught stealing 2nd base 2-6
|
| Top of the 5th over - 0 runs, 1 hit, 0 errors, 0 left on base; Colorado (EL) 1 - Reading 5 |
| BOTTOM OF THE 5TH |
|
Reading Fightin Phils batting - Pitching for Colorado (EL) Rockies : RHP Michael Conrad
|
|
Batting: RHB Victor Arroyo
|
0-0: Foul Ball, location: 2F 0-1: Ball 1-1: Ball 2-1: Swinging Strike 2-2: Foul Ball, location: 2F 2-2: Ground out 5-3 (Groundball, 56, EV 103.8 MPH)
|
|
Pitching: RHP Terry Sterling
|
|
|
Batting: RHB Mike Bell
|
0-0: Swinging Strike 0-1: Ball 1-1: Ball 2-1: Swinging Strike 2-2: Foul Ball, location: 2F 2-2: Strikes out swinging, 2-3 out at first.
|
|
Batting: RHB Daniel Samano
|
0-0: Ball 1-0: Ball 2-0: Foul Ball, location: 2F 2-1: Ball 3-1: Fly out, F8 (Flyball, 8LXD, EV 97.5 MPH)
|
| Bottom of the 5th over - 0 runs, 0 hits, 0 errors, 0 left on base; Colorado (EL) 1 - Reading 5 |
| TOP OF THE 6TH |
|
Colorado (EL) Rockies batting - Pitching for Reading Fightin Phils : LHP Tim Lawson
|
|
Batting: LHB Nick Martin
|
0-0: SINGLE (Groundball, 4MD, EV 110.6 MPH)
|
|
Batting: SHB Jamie Mims
|
0-0: Ball 1-0: Swinging Strike Pickoff Throw by Catcher to First - Out! 1-1: Ball 2-1: Ground out 5-3 (Groundball, 5S, EV 83.8 MPH)
|
|
Batting: LHB Mick Tucker
|
0-0: Ball 1-0: Ball 2-0: Ball 3-0: Base on Balls
|
|
Batting: RHB John Corfield
|
0-0: Ball 1-0: Ball 2-0: SINGLE (Flyball, 78S, EV 95.0 MPH) Mick Tucker to second
|
|
Batting: RHB Chris Tatum
|
0-0: Called Strike 0-1: Ball 1-1: Ball 2-1: Ball 3-1: Base on Balls Mick Tucker to third John Corfield to second
|
|
Batting: SHB Bobby Santor
|
0-0: Ball 1-0: Called Strike 1-1: Ball 2-1: Ball 3-1: Foul Ball, location: 2F 3-2: Fly out, F9 (Flyball, 9LM, EV 75.6 MPH)
|
| Top of the 6th over - 0 runs, 2 hits, 0 errors, 3 left on base; Colorado (EL) 1 - Reading 5 |
| BOTTOM OF THE 6TH |
|
Reading Fightin Phils batting - Pitching for Colorado (EL) Rockies : RHP Terry Sterling
|
|
Batting: RHB Victor Arias
|
0-0: Called Strike 0-1: Ball 1-1: Foul Ball, location: 2F 1-2: DOUBLE (Line Drive, 78D, EV 114.4 MPH)
|
|
Batting: RHB Jake Cox
|
0-0: Called Strike 0-1: Ball Victor Arias steals 3rd base 1-1: Foul Ball, location: 2F 1-2: Foul Ball, location: 2F 1-2: Strikes out swinging
|
|
Batting: RHB Alberto Ramirez
|
0-0: Ground out 3-1 (Groundball, 34, EV 85.6 MPH) Victor Arias scores
|
|
Batting: RHB Chris Myers
|
0-0: Foul Ball, location: 2F 0-1: Foul Ball, location: 2F 0-2: Fly out, F5 (Popup, 56, EV 80.6 MPH)
|
| Bottom of the 6th over - 1 run, 1 hit, 0 errors, 0 left on base; Colorado (EL) 1 - Reading 6 |
| TOP OF THE 7TH |
|
Colorado (EL) Rockies batting - Pitching for Reading Fightin Phils : LHP Tim Lawson
|
|
Batting: SHB Craig Ruzic
|
0-0: Ball 1-0: Called Strike 1-1: Swinging Strike 1-2: Ground out U3 (Groundball, 3, EV 83.1 MPH)
|
|
Batting: LHB Paul McClintock
|
0-0: SINGLE (Line Drive, 56D, EV 96.9 MPH)
|
|
Batting: LHB Daniel Green
|
0-0: Called Strike 0-1: Foul Ball, location: 2F 0-2: Fly out, F7 (Line Drive, 78M, EV 98.1 MPH)
|
|
Batting: LHB Nick Martin
|
0-0: Called Strike 0-1: Called Strike 0-2: Ball 1-2: TRIPLE (Line Drive, 89XD, EV 105.6 MPH) Paul McClintock scores
|
|
Pitching: RHP Dustin Greaves
|
|
|
Batting: SHB Jamie Mims
|
0-0: Ball 1-0: Ground out U3 (Groundball, 3S, EV 84.4 MPH)
|
| Top of the 7th over - 1 run, 2 hits, 0 errors, 1 left on base; Colorado (EL) 2 - Reading 6 |
| BOTTOM OF THE 7TH |
|
Reading Fightin Phils batting - Pitching for Colorado (EL) Rockies : RHP Terry Sterling
|
|
Pitching: RHP Dane Long
|
|
|
Batting: RHB Guan-pei Gao
|
0-0: Foul Ball, location: 2F 0-1: Ball 1-1: Foul Ball, location: 2F 1-2: Ball 2-2: SINGLE (Groundball, 34D, EV 100.0 MPH)
|
|
Batting: RHB Greg Herzig
|
0-0: Ball 1-0: Fly out, F9 (Flyball, 9, EV 86.2 MPH)
|
|
Batting: RHB Victor Arroyo
|
0-0: Called Strike 0-1: Called Strike 0-2: Strikes out swinging
|
|
Batting: RHB Mike Bell
|
0-0: Ball 1-0: Ball 2-0: Foul Ball, location: 2F 2-1: 2-RUN HOME RUN (Flyball, 7D, EV 105.0 MPH), Distance : 421 ft
|
|
Batting: RHB Daniel Samano
|
0-0: Ball 1-0: Swinging Strike 1-1: Foul Ball, location: 2F 1-2: Ball 2-2: Ball 3-2: Strikes out swinging
|
| Bottom of the 7th over - 2 runs, 2 hits, 0 errors, 0 left on base; Colorado (EL) 2 - Reading 8 |
| TOP OF THE 8TH |
|
Colorado (EL) Rockies batting - Pitching for Reading Fightin Phils : RHP Dustin Greaves
|
|
Batting: LHB Mick Tucker
|
0-0: Called Strike 0-1: Ball 1-1: Ball 2-1: Foul Ball, location: 2F 2-2: Ball 3-2: Base on Balls
|
|
Batting: RHB John Corfield
|
0-0: Ball 1-0: Ball 2-0: Ball 3-0: Fly out, F8 (Flyball, 8RD, EV 94.4 MPH)
|
|
Batting: RHB Chris Tatum
|
0-0: Called Strike 0-1: Ball 1-1: Grounds into double play, 5-4-3 (Groundball, 56, EV 105.6 MPH)
|
| Top of the 8th over - 0 runs, 0 hits, 0 errors, 0 left on base; Colorado (EL) 2 - Reading 8 |
| BOTTOM OF THE 8TH |
|
Reading Fightin Phils batting - Pitching for Colorado (EL) Rockies : RHP Dane Long
|
|
Pitching: RHP Tsuneyoshi Kubo
|
|
|
Batting: RHB Victor Arias
|
0-0: Ground out 5-3 (Groundball, 56S, EV 83.8 MPH)
|
|
Batting: RHB Jake Cox
|
0-0: Ball 1-0: Swinging Strike 1-1: Swinging Strike 1-2: Foul Ball, location: 2F 1-2: Foul Ball, location: 2F 1-2: Strikes out swinging
|
|
Batting: RHB Alberto Ramirez
|
0-0: Fly out, F3 (Popup, 34, EV 63.8 MPH)
|
| Bottom of the 8th over - 0 runs, 0 hits, 0 errors, 0 left on base; Colorado (EL) 2 - Reading 8 |
| TOP OF THE 9TH |
|
Colorado (EL) Rockies batting - Pitching for Reading Fightin Phils : RHP Dustin Greaves
|
|
Batting: SHB Bobby Santor
|
0-0: Foul Ball, location: 2F 0-1: Swinging Strike 0-2: Ball 1-2: Ball 2-2: Ball 3-2: Strikes out swinging
|
|
Batting: SHB Craig Ruzic
|
0-0: Foul Ball, location: 2F 0-1: Called Strike 0-2: Strikes out swinging
|
|
Batting: LHB Paul McClintock
|
0-0: Called Strike 0-1: SINGLE (Line Drive, 7S, EV 95.6 MPH)
|
|
Batting: LHB Daniel Green
|
0-0: Fly out, F8 (Flyball, 8RM, EV 92.5 MPH)
|
| Top of the 9th over - 0 runs, 1 hit, 0 errors, 1 left on base; Colorado (EL) 2 - Reading 8 |
|